 Dungeon Crawl Stone Soup version 0.29-a0-218-gf2abdc9806 (webtiles) character file.

Game seed: 1326733840387322537

2533 goofmuffin the Basher (level 9, -5/105 HPs)
             Began as a Minotaur Berserker on Feb 25, 2022.
             Was a Priest of Trog.
             Slain by a killer bee (8 damage)
             ... on level 6 of the Dungeon.
             The game lasted 00:20:01 (6098 turns).

goofmuffin the Basher (Minotaur Berserker)          Turns: 6098, Time: 00:20:01

Health: -5/105     AC: 11    Str: 26    XL:     9   Next: 30%
Magic:  8/8        EV:  9    Int:  4    God:    Trog [***...]
Gold:   367        SH:  0    Dex: 10    Spells: 8/8 levels left

rFire   . . .      SeeInvis .   v - +0 flail (venom)
rCold   . . .      Faith    .   (no shield)
rNeg    + . .      Spirit   .   w - +0 chain mail
rPois   .          Reflect  .   (helmet restricted)
rElec   .          Harm     .   (no cloak)
rCorr   .          Rampage  .   (no gloves)
Will    .....                   (no boots)
Stlth   ..........              (no amulet)
HPRegen 0.27/turn               d - ring of positive energy
MPRegen 0.11/turn               (no ring)

@: berserking (expiring), lethally poisoned (-5 -> -11), very quick
A: horns 2, retaliatory headbutt
a: Renounce Religion, Berserk, Trog's Hand


You were on level 6 of the Dungeon.
You worshipped Trog.
Trog was most pleased with you.
You visited 1 branch of the dungeon, and saw 7 of its levels.
You also visited: Ossuary.

You collected 367 gold pieces.

Inventory:

Hand Weapons
 v - a +0 flail of venom (weapon)
Missiles
 f - 11 javelins
 g - 29 poisoned darts (quivered)
 B - 2 throwing nets
Armour
 w - a +0 chain mail (worn)
Jewellery
 d - a ring of positive energy (left hand)
 n - a ring of ice
Wands
 p - a wand of polymorph (7)
 D - a wand of iceblast (11)
Scrolls
 c - 5 scrolls of enchant armour {unknown}
 e - a scroll of magic mapping {unknown}
 h - a scroll of fog {unknown}
 l - 2 scrolls of silence {unknown}
 m - 5 scrolls of teleportation
 q - a scroll of torment {unknown}
 r - a scroll of summoning {unknown}
 t - 3 scrolls of immolation {unknown}
 u - 7 scrolls of vulnerability {unknown}
 x - 4 scrolls of enchant weapon {unknown}
 y - 2 scrolls of blinking {unknown}
 A - 3 scrolls of brand weapon {unknown}
Potions
 a - 2 potions of berserk rage {unknown}
 b - 2 potions of magic {unknown}
 i - 3 potions of haste
 j - 2 potions of curing {unknown}
 k - 2 potions of mutation {unknown}
 o - 3 potions of lignification {unknown}
 s - a potion of brilliance {unknown}
 z - 2 potions of might {unknown}
 C - a potion of resistance {unknown}


   Skills:
 - Level 3.6 Fighting
 * Level 11.2 Maces & Flails
 - Level 6.0 Polearms
 + Level 9.0 Armour
 - Level 2.1 Dodging


You had 8 spell levels left.
You didn't know any spells.
Your spell library was empty.

Dungeon Overview and Level Annotations

Branches:
Dungeon (7/15)             Temple (0/1) D:6         Ossuary (visited)

Altars:

Shops:
D:1 !

Annotations:
D:3 exclusion: downstairs


Innate Abilities, Weirdness & Mutations

You have a pair of horns on your head.
You reflexively headbutt those who attack you in melee.


Message History

* * * LOW HITPOINT WARNING * * *
You are lethally poisoned!
The killer bee poisons you!
You closely miss the killer bee. Your punch misses the killer bee.
The killer bee is moderately wounded.
* * * LOW HITPOINT WARNING * * *
You feel very sick.
The killer bee stings you but does no damage. x2
The killer bee closely misses you. You furiously retaliate!
You headbutt the killer bee!
You kill the killer bee!
Trog accepts your kill. The killer bee closely misses you.
The killer bee stings you but does no damage.
Unknown command.
* * * LOW HITPOINT WARNING * * *
You feel very sick.
The killer bee stings you but does no damage.
You feel a strong urge to attack something.
* * * LOW HITPOINT WARNING * * *
You feel very sick.
* * * LOW HITPOINT WARNING * * *
You feel sick.
The killer bee stings you but does no damage.
Okay, then.
You are too berserk!
You feel your anger nearly subside.
* * * LOW HITPOINT WARNING * * *
You feel sick.
The killer bee stings you but does no damage. x2
You barely miss the killer bee.
* * * LOW HITPOINT WARNING * * *
You feel sick.
The killer bee stings you but does no damage. x2
You miss the killer bee. Your headbutt misses the killer bee.
* * * LOW HITPOINT WARNING * * *
You feel sick.
The killer bee stings you but does no damage.
The killer bee stings you!
You die...

# #.......+..#.# #
#.......#..#.#
#.......#....#########
#.......#†#..........#
###'#####.#..........#
#...###..†>........#
##......###........# #...yy.#
#........#### ########....@.#
#............ #......#......#
#............
#......#......###..........8⌠
#......#.....................
#......#..............###..8⌠
#......#..............# #....
#.)....#####'#........# ##)8⌠
#......# #.+........# #...
#..).).# ###........# ####


You could see 2 killer bees.

Vanquished Creatures
  A troll (D:7)
  Sigmund (D:6)
  Duvessa (D:4)
  A black bear (D:4)
  A sky beast (D:2)
  5 ogres
  3 elf zombies (Ossuary)
  A scorpion (D:6)
  Dowan (D:4)
  3 killer bees (D:6)
  A jelly (D:5)
  4 centaur zombies (Ossuary)
  2 hounds
  5 human zombies (Ossuary)
  2 gnoll shamans
  3 orc priests
  5 orc wizards
  3 iguanas
  3 mummies (Ossuary)
  11 gnolls
  3 adders
  2 shadow imps
  2 white imps (D:6)
  2 ufetubi
  A worm (D:2)
  2 dart slugs
  23 orcs
  7 ball pythons
  6 endoplasms
  2 giant cockroaches
  4 goblins
  5 hobgoblins
  7 jackals (D:2)
  7 kobolds
  8 quokkas
  4 bats
  A frilled lizard (D:2)
  5 rats
148 creatures vanquished.

Vanquished Creatures (others)
  13 plants (D:5)
13 creatures vanquished.

Grand Total: 161 creatures vanquished

Notes
Turn   | Place    | Note
-------+----------+-------------------------------------------
     0 | D:1      | goofmuffin the Minotaur Berserker began the quest for the
                  | Orb.
     0 | D:1      | Reached XP level 1. HP: 19/19 MP: 0/0
    94 | D:1      | Found Raddic's Distillery.
   100 | D:1      | Reached XP level 2. HP: 25/26 MP: 1/1
   751 | D:2      | Reached XP level 3. HP: 24/31 MP: 2/2
  1122 | D:2      | Reached ** piety under Trog
  1314 | D:2      | Found a faded altar of an unknown god.
  1404 | D:3      | Reached skill level 5 in Polearms
  1467 | D:3      | Noticed a sky beast
  1482 | D:2      | Killed a sky beast
  1483 | D:2      | Reached XP level 4. HP: 29/39 MP: 3/3
  1594 | D:2      | Reached XP level 5. HP: 33/45 MP: 4/4
  1936 | D:3      | Reached skill level 1 in Maces & Flails
  2234 | D:4      | Noticed Dowan
  2234 | D:4      | Noticed Duvessa
  2322 | D:3      | You fall into a shaft and drop 1 floor!
  2332 | D:4      | Reached skill level 2 in Maces & Flails
  2785 | D:4      | Noticed an ogre
  2821 | D:4      | Killed an ogre
  2822 | D:4      | Reached skill level 3 in Maces & Flails
  2822 | D:4      | Reached skill level 5 in Armour
  2822 | D:4      | Reached XP level 6. HP: 45/51 MP: 5/5
  2948 | D:4      | Reached skill level 4 in Maces & Flails
  3005 | D:4      | Reached skill level 5 in Maces & Flails
  3140 | D:4      | Reached XP level 7. HP: 57/57 MP: 6/6
  3389 | D:4      | Reached *** piety under Trog
  3544 | D:4      | Killed Duvessa
  3545 | D:4      | Reached skill level 6 in Maces & Flails
  3604 | D:4      | Killed Dowan
  3730 | D:5      | Entered Level 5 of the Dungeon
  4080 | D:5      | Found a sand-covered staircase.
  4111 | D:5      | Reached skill level 7 in Maces & Flails
  4276 | Ossuary  | Entered an ossuary
  4300 | Ossuary  | Reached XP level 8. HP: 60/64 MP: 7/7
  4365 | Ossuary  | Reached skill level 8 in Maces & Flails
  4890 | D:5      | Reached skill level 9 in Maces & Flails
  5173 | D:6      | Noticed Sigmund
  5189 | D:6      | Killed Sigmund
  5190 | D:6      | Reached skill level 10 in Maces & Flails
  5309 | D:7      | Noticed a troll
  5326 | D:7      | Reached XP level 9. HP: 59/70 MP: 8/8
  5337 | D:7      | Killed a troll
  5804 | D:6      | Reached skill level 11 in Maces & Flails
  5866 | D:6      | Found a staircase to the Ecumenical Temple.
  6097 | D:6      | HP: 4/105 [poisoned by a killer bee]
  6098 | D:6      | Slain by a killer bee

Illustrated notes

Levels and vault maps discovered:
D:1:      minmay_arrival_three_doors, layout_rooms, serial_shops, shop_statue
D:2:      layout_loops_ring, shapermc_ecumenical_altar_mp_vishouse
D:3:      layout_basic, gup_sewer_entry_spiral
D:4:      layout_basic, solitary_fountain, uniq_duvessa
D:5:      layout_gridville, chequers_ossuary_entry_cave, nicolae_grassy_gnolls
D:6:      layout_basic, minmay_temple_entry_drinking_statues, uniq_sigmund
D:7:      layout_basic, enter_bailey_8, grunt_ministairs_13, grunt_ogre_cave

Skill      XL: |  1  2  3  4  5  6  7  8  9 |
---------------+----------------------------+-----
Polearms       | 4 6 |  6.0
Armour         | 3 4 5 6 8 9 |  9.0
Maces & Flails | 3 5 7 10 11 | 11.2
Fighting       | |  3.6
Dodging        | |  2.1

Action                   |  1- 3 |  4- 6 |  7- 9 || total
-------------------------+-------+-------+-------++-------
Melee: Spear             |   111 |     4 |       ||   115
       Headbutt          |    14 |     8 |    45 ||    67
       Flail             |       |    80 |   285 ||   365
       Unarmed           |       |       |     3 ||     3
       Punch             |       |       |     3 ||     3
Throw: Dart              |     5 |     8 |     7 ||    20
Invok: Berserk           |       |     2 |     3 ||     5
       Trog's Hand       |       |       |     6 ||     6
  Use: Scroll            |       |     4 |       ||     4
Armor: Animal skin       |     4 |       |       ||     4
       Scale mail        |    19 |    39 |    12 ||    70
       Chain mail        |       |       |   141 ||   141
Dodge: Dodged            |    32 |    49 |   125 ||   206

Table legend: (Time is in decaauts)
 A = Elapsed time spent in this place.
 B = Non-inter-level travel time spent in this place.
 C = Inter-level travel time spent in this place.
 D = Time resting spent in this place.
 E = Time spent auto-exploring this place.
 F = Levels seen in this place.
 G = Mean time per level.
                   A        B        C        D        E       F      G
               +--------+--------+--------+--------+--------+-----+--------+
         Total |   6184 |   5818 |    366 |      0 |   4120 |   8 |  773.0 |
       Dungeon |   5741 |   5375 |    366 |      0 |   3865 |   7 |  820.1 |
       Ossuary |    443 |    443 |      0 |      0 |    255 |   1 |  443.0 |
               +--------+--------+--------+--------+--------+-----+--------+

Top non-repeatable levels by time:
     D:4: 1170 daAuts
     D:3: 1092 daAuts
     D:6: 1067 daAuts
     D:2: 1058 daAuts
     D:5: 747 daAuts
     D:1: 532 daAuts
 Ossuary: 443 daAuts
     D:7: 73 daAuts
